General information
- name: BNet
- type: Ladder team game (AT/RT)
- host: Battle.net
- saver: Ze.Rath3isaFaig
map: Cherryville
- players: 8
- length: 17:06
- speed: Fast
- version: 1.24 W3XP
- replay type: Public
» download(111 KB)
Players
team 1 (winner)
NaCHO.viDaL (
blue | 101 APM | 1729 actions | 17:06)
4 Death Knight
2 Death Coil
2 Unholy Aura
3 Lich
2 Frost Nova
1 Dark Ritual
3 Dreadlord
1 Sleep
2 Vampiric Aura
» actions
| Assign group hotkey | 19 | |
| Basic commands | 245 | |
| Build / train | 66 | |
| ESC pressed | 1 | |
| Enter build submenu | 21 | |
| Enter hero's abilities submenu | 10 | |
| Give item / drop item | 6 | |
| Right click | 285 | |
| Select / deselect | 515 | |
| Select group hotkey | 487 | |
| Use ability | 73 | |
1729 total
» units
| Acolyte | 8 | |
| Ghoul | 3 | |
| Crypt Fiend | 8 | |
| Frost Wyrm | 8 | |
27 total
» upgrades
| Web | 1 | |
| Creature Carapace | 1 | |
| Creature Attack | 3 | |
| Freezing Breath | 1 | |
6 total
» buildings
| Graveyard | 1 | |
| Crypt | 1 | |
| Altar of Darkness | 1 | |
| Ziggurat | 9 | |
| Tomb of Relics | 1 | |
| Nerubian Tower | 3 | |
| Halls of the Dead | 2 | |
| Black Citadel | 3 | |
| Sacrificial Pit | 1 | |
| Boneyard | 3 | |
25 total
» build order
00:15 Graveyard
00:18 Crypt
00:47 Altar of Darkness
01:06 Ziggurat
01:53 Tomb of Relics
02:10 Ziggurat
02:15 Nerubian Tower
02:16 Nerubian Tower
02:16 Nerubian Tower
03:53 Halls of the Dead
03:53 Halls of the Dead
05:18 Ziggurat
06:16 Black Citadel
06:16 Black Citadel
06:16 Black Citadel
07:07 Sacrificial Pit
07:30 Ziggurat
08:38 Boneyard
09:58 Boneyard
11:33 Ziggurat
12:24 Ziggurat
12:34 Boneyard
13:08 Ziggurat
15:28 Ziggurat
15:55 Ziggurat
» items
| Rod of Necromancy | 2 | |
| Sacrificial Skull | 1 | |
| Dust of Appearance | 1 | |
| Potion of Lesser Invulnerability | 1 | |
| Orb of Corruption | 1 | |
| Staff of Teleportation | 3 | |
9 total
IAM_CHUCKNORRIS (
red | 64 APM | 1095 actions | 17:06)
3 Crypt Lord
2 Carrion Beetles
1 Impale
2 Death Knight
1 Death Coil
1 Unholy Aura
» actions
| Assign group hotkey | 25 | |
| Basic commands | 14 | |
| Build / train | 48 | |
| ESC pressed | 1 | |
| Enter build submenu | 26 | |
| Enter hero's abilities submenu | 5 | |
| Give item / drop item | 2 | |
| Right click | 447 | |
| Select / deselect | 183 | |
| Select group hotkey | 285 | |
| Use ability | 59 | |
1095 total
» units
| Acolyte | 7 | |
| Ghoul | 5 | |
| Crypt Fiend | 6 | |
| Frost Wyrm | 3 | |
21 total
» upgrades
| Creature Attack | 3 | |
| Burrow | 1 | |
| Web | 2 | |
| Creature Carapace | 3 | |
| Cannibalize | 1 | |
| Ghoul Frenzy | 1 | |
| Stone Form | 1 | |
12 total
» buildings
| Crypt | 1 | |
| Ziggurat | 9 | |
| Graveyard | 1 | |
| Altar of Darkness | 1 | |
| Tomb of Relics | 2 | |
| Necropolis | 1 | |
| Halls of the Dead | 2 | |
| Black Citadel | 1 | |
| Sacrificial Pit | 1 | |
| Boneyard | 3 | |
22 total
» build order
00:08 Crypt
00:15 Ziggurat
00:29 Graveyard
00:46 Altar of Darkness
01:01 Ziggurat
01:29 Ziggurat
03:30 Tomb of Relics
04:33 Necropolis
04:49 Halls of the Dead
04:49 Halls of the Dead
05:11 Ziggurat
07:23 Black Citadel
08:00 Sacrificial Pit
08:39 Ziggurat
08:41 Ziggurat
09:49 Boneyard
09:50 Boneyard
10:08 Tomb of Relics
10:09 Boneyard
12:12 Ziggurat
12:12 Ziggurat
12:13 Ziggurat
» items
| Rod of Necromancy | 2 | |
| Scroll of Town Portal | 1 | |
| Potion of Mana | 1 | |
4 total
shiznef (
yellow | 62 APM | 1060 actions | 17:06)
4 Tauren Chieftain
2 Endurance Aura
2 War Stomp
2 Shadow Hunter
1 Healing Wave
1 Hex
» actions
| Assign group hotkey | 11 | |
| Basic commands | 122 | |
| Build / train | 62 | |
| Enter build submenu | 16 | |
| Enter hero's abilities submenu | 6 | |
| Right click | 350 | |
| Select / deselect | 215 | |
| Select group hotkey | 246 | |
| Use ability | 32 | |
1060 total
» units
» upgrades
| Pillage | 1 | |
| Armor | 3 | |
| Melee Weapons | 4 | |
| Spiked Barricades | 2 | |
| Berserker Strength | 1 | |
| Shaman Training | 2 | |
| Witch Doctor Training | 2 | |
| Pulverize | 1 | |
| Backpack | 1 | |
| Berserker Upgrade | 1 | |
| Troll Regeneration | 2 | |
| Spirit Walker Training | 2 | |
| Ranged Weapons | 2 | |
| Reinforced Defenses | 1 | |
| Burning Oil | 1 | |
26 total
» buildings
| Altar of Storms | 1 | |
| Orc Burrow | 4 | |
| Barracks | 1 | |
| War Mill | 1 | |
| Stronghold | 2 | |
| Fortress | 1 | |
| Voodoo Lounge | 1 | |
| Watch Tower | 2 | |
| Spirit Lodge | 2 | |
| Tauren Totem | 2 | |
17 total
» build order
00:11 Altar of Storms
00:14 Orc Burrow
01:12 Barracks
01:29 Orc Burrow
03:23 Orc Burrow
03:50 War Mill
04:56 Stronghold
04:56 Stronghold
07:18 Fortress
07:21 Orc Burrow
07:24 Voodoo Lounge
07:27 Watch Tower
07:32 Watch Tower
08:40 Spirit Lodge
08:41 Spirit Lodge
10:28 Tauren Totem
10:29 Tauren Totem
» items
emeraldine (
green | 45 APM | 772 actions | 17:06)
4 Mountain King
2 Thunder Clap
2 Bash
» actions
| Assign group hotkey | 36 | |
| Basic commands | 25 | |
| Build / train | 66 | |
| Enter build submenu | 25 | |
| Enter hero's abilities submenu | 4 | |
| Right click | 291 | |
| Select / deselect | 244 | |
| Select group hotkey | 44 | |
| Use ability | 37 | |
772 total
» units
| Peasant | 14 | |
| Footman | 8 | |
| Spell Breaker | 4 | |
| Knight | 2 | |
| Mortar Team | 8 | |
| Priest | 6 | |
| Dragonhawk Rider | 2 | |
44 total
» upgrades
| Lumber Harvesting | 1 | |
| Plating | 2 | |
| Defend | 1 | |
| Swords | 1 | |
| Masonry | 1 | |
| Fragmentation Shards | 1 | |
| Priest Training | 2 | |
| Gunpowder | 2 | |
11 total
» buildings
| Farm | 12 | |
| Altar of Kings | 1 | |
| Barracks | 1 | |
| Lumber Mill | 1 | |
| Arcane Vault | 1 | |
| Keep | 1 | |
| Town Hall | 1 | |
| Blacksmith | 1 | |
| Arcane Sanctum | 1 | |
| Scout Tower | 4 | |
| Guard Tower | 3 | |
| Castle | 1 | |
| Gryphon Aviary | 1 | |
| Workshop | 1 | |
30 total
» build order
00:06 Farm
00:08 Altar of Kings
00:51 Barracks
01:19 Farm
01:32 Lumber Mill
02:20 Farm
02:40 Arcane Vault
03:11 Keep
04:11 Town Hall
04:40 Farm
04:47 Blacksmith
05:13 Farm
05:52 Arcane Sanctum
06:05 Scout Tower
06:07 Scout Tower
06:09 Scout Tower
06:41 Farm
07:18 Guard Tower
07:57 Guard Tower
07:59 Scout Tower
08:41 Castle
08:54 Farm
09:08 Guard Tower
09:46 Gryphon Aviary
10:15 Workshop
12:19 Farm
12:20 Farm
12:22 Farm
12:24 Farm
12:24 Farm
» items
team 2 (loser)
Ze.Rath3isaFaig (
pink | 3 APM | 46 actions | 17:06)
» actions
| Basic commands | 2 | |
| Right click | 12 | |
| Select / deselect | 31 | |
| Use ability | 1 | |
46 total
O.z (
orange | 70 APM | 871 actions | 12:23)
3 Death Knight
1 Death Coil
2 Unholy Aura
» actions
| Assign group hotkey | 100 | |
| Basic commands | 3 | |
| Build / train | 57 | |
| Enter build submenu | 11 | |
| Enter hero's abilities submenu | 3 | |
| Give item / drop item | 5 | |
| Right click | 341 | |
| Select / deselect | 185 | |
| Select group hotkey | 118 | |
| Use ability | 48 | |
871 total
» units
| Acolyte | 12 | |
| Ghoul | 4 | |
| Crypt Fiend | 16 | |
32 total
» upgrades
| Creature Attack | 2 | |
| Creature Carapace | 3 | |
5 total
» buildings
| Crypt | 1 | |
| Ziggurat | 4 | |
| Graveyard | 1 | |
| Altar of Darkness | 1 | |
| Tomb of Relics | 1 | |
| Nerubian Tower | 2 | |
| Spirit Tower | 2 | |
| Halls of the Dead | 4 | |
| Black Citadel | 3 | |
19 total
» build order
00:07 Crypt
00:08 Ziggurat
00:50 Graveyard
01:04 Ziggurat
01:06 Altar of Darkness
01:59 Ziggurat
03:00 Ziggurat
03:38 Tomb of Relics
07:05 Nerubian Tower
07:07 Spirit Tower
07:37 Halls of the Dead
07:37 Halls of the Dead
07:38 Halls of the Dead
10:01 Black Citadel
10:01 Black Citadel
11:52 Black Citadel
» items
| Rod of Necromancy | 1 | |
| Scroll of Town Portal | 1 | |
| Potion of Healing | 1 | |
3 total

»
Weas007 (
teal | 48 APM | 569 actions | 11:54)
3 Tauren Chieftain
1 War Stomp
2 Endurance Aura
» actions
| Assign group hotkey | 20 | |
| Basic commands | 36 | |
| Build / train | 42 | |
| ESC pressed | 2 | |
| Enter build submenu | 21 | |
| Enter hero's abilities submenu | 3 | |
| Right click | 192 | |
| Select / deselect | 151 | |
| Select group hotkey | 70 | |
| Use ability | 32 | |
569 total
» units
| Peon | 11 | |
| Troll Headhunter/Berserker | 9 | |
| Troll Witch Doctor | 1 | |
21 total
» upgrades
| Ranged Weapons | 2 | |
| Armor | 1 | |
| Troll Regeneration | 1 | |
| Witch Doctor Training | 1 | |
| Berserker Upgrade | 1 | |
6 total
» buildings
| Orc Burrow | 4 | |
| War Mill | 1 | |
| Altar of Storms | 1 | |
| Barracks | 2 | |
| Stronghold | 3 | |
| Fortress | 1 | |
| Voodoo Lounge | 2 | |
| Spirit Lodge | 2 | |
| Great Hall | 1 | |
| Watch Tower | 4 | |
21 total
» build order
00:19 Orc Burrow
00:36 War Mill
01:29 Altar of Storms
02:25 Barracks
02:28 Barracks
02:36 Orc Burrow
02:44 Stronghold
02:44 Stronghold
02:44 Stronghold
03:44 Orc Burrow
05:19 Fortress
06:03 Voodoo Lounge
06:08 Spirit Lodge
06:11 Spirit Lodge
06:15 Voodoo Lounge
08:05 Great Hall
09:00 Watch Tower
09:04 Watch Tower
09:20 Watch Tower
09:39 Watch Tower
09:53 Orc Burrow
» items
| Healing Salve | 1 | |
| Scroll of Speed | 1 | |
| Scroll of Town Portal | 1 | |
3 total

»
orfeo (
purple | 42 APM | 517 actions | 12:17)
3 Dreadlord
2 Vampiric Aura
1 Sleep
2 Pit Lord
1 Howl of Terror
1 Rain of Fire
» actions
| Build / train | 22 | |
| Enter build submenu | 18 | |
| Enter hero's abilities submenu | 6 | |
| Give item / drop item | 2 | |
| Right click | 260 | |
| Select / deselect | 170 | |
| Use ability | 39 | |
517 total
» units
| Acolyte | 3 | |
| Ghoul | 4 | |
| Frost Wyrm | 1 | |
8 total
» upgrades
| Creature Attack | 1 | |
| Creature Carapace | 1 | |
2 total
» buildings
| Ziggurat | 6 | |
| Altar of Darkness | 1 | |
| Crypt | 3 | |
| Tomb of Relics | 1 | |
| Nerubian Tower | 1 | |
| Halls of the Dead | 1 | |
| Graveyard | 1 | |
| Black Citadel | 1 | |
| Sacrificial Pit | 1 | |
| Boneyard | 3 | |
| Spirit Tower | 1 | |
20 total
» build order
00:13 Ziggurat
00:15 Altar of Darkness
01:04 Crypt
01:06 Crypt
01:12 Crypt
01:33 Ziggurat
02:26 Ziggurat
02:42 Tomb of Relics
03:17 Nerubian Tower
04:21 Halls of the Dead
04:25 Graveyard
04:50 Ziggurat
06:50 Black Citadel
06:53 Sacrificial Pit
07:11 Ziggurat
07:25 Ziggurat
09:15 Boneyard
09:20 Boneyard
09:24 Boneyard
09:26 Spirit Tower
» items
Chat log
(00:07 / Allies) Weas007: tc hh
(00:08 / Allies) Weas007: hello
(00:22 / Allies) O.z: gold plz
(00:28 / Allies) Ze.Rath3isaFaig: oz you're a fan of 418 right?
(00:31 / Allies) O.z: lawl
(00:33 / Allies) O.z: yeah
(00:37 / Allies) O.z: pwned him in solo
(00:39 / Allies) O.z: he's mad at me
(00:45 / Allies) Weas007: sup pink
(00:46 / Allies) Ze.Rath3isaFaig: I saw replays of him owning you
(00:51 / Allies) O.z: funny
(00:57 / Allies) O.z: ill show u the link to our solo after
(01:02 / Allies) Ze.Rath3isaFaig: weird, unless there's two o.z
(01:21 / Allies) Ze.Rath3isaFaig: people wonder why I lossbot lol
(01:22 / Allies) O.z: no, our first solo my mouse battery was dead..i informed him of that b4 we even started
(01:26 / Allies) Weas007: oj can you dela witht ah please
(01:42 / Allies) O.z: who cares
(01:43 / Allies) O.z: play
(01:45 / Allies) orfeo: at leas ue militia no?
(01:56 / Allies) Ze.Rath3isaFaig: oh hey that's faster lol
(03:53 / Allies) O.z: sorry back
(03:55 / Allies) O.z: phone
(04:15 / All) Ze.Rath3isaFaig: I killed myself lol, you guys are gay for not rushing
(04:23 / All) O.z: OHH NOESS
(04:27 / All) O.z: he killedzzz himaself
(04:28 / All) O.z: lawl
(04:33 / All) NaCHO.viDaL: hey gl
(04:37 / All) IAM_CHUCKNORRIS: ya i had him last game
(04:37 / All) Ze.Rath3isaFaig: the last known fag to use lawl
(04:41 / All) IAM_CHUCKNORRIS: didnt even notice he was here
(04:47 / Allies) Weas007: pink you too good to baackstab?
(04:50 / All) O.z: oh i get it
(04:53 / All) O.z: you're angry like 418
(05:00 / All) Ze.Rath3isaFaig: it's called lossbotting
(05:08 / All) O.z: it's called get laid and get off the game
(05:13 / All) Ze.Rath3isaFaig: how do you think I managed to get ot level 42, it's called beating the AMM
(05:17 / All) IAM_CHUCKNORRIS: thats why i always change account
(05:21 / All) Ze.Rath3isaFaig: beating the ell system
(05:33 / All) IAM_CHUCKNORRIS: cuz i think bsing is gay, but necessary
(05:34 / All) O.z: you're so obsessed about level..that's what's sad
(05:36 / All) Ze.Rath3isaFaig: yeah win all you want, but if you don't lose you won't find
(05:37 / All) IAM_CHUCKNORRIS: i blame blizzard
(05:44 / All) O.z: how about play for fun?
(05:46 / All) O.z: dur dur?
(05:51 / All) Ze.Rath3isaFaig: yeah search for 3 hours?
(05:53 / All) Ze.Rath3isaFaig: no thanks
(05:55 / All) O.z: OHH NOES
(05:57 / All) O.z: i need level 42
(05:59 / All) O.z: YESS
(06:01 / All) IAM_CHUCKNORRIS: i understand him
(06:02 / All) O.z: LEVELS
(06:03 / All) O.z: LOL
(06:05 / All) IAM_CHUCKNORRIS: blame blizzard
(06:07 / All) IAM_CHUCKNORRIS: not him
(06:08 / All) O.z: create a new account
(06:10 / All) O.z: simple as that
(06:11 / All) Ze.Rath3isaFaig: you're only 103-96
(06:16 / All) O.z: you mad?
(06:18 / All) Ze.Rath3isaFaig: you have little issues with finding
(06:20 / All) IAM_CHUCKNORRIS: some people dont want to
(06:27 / All) IAM_CHUCKNORRIS: cuz they have icons and shit
(06:57 / All) Ze.Rath3isaFaig: it's a 3v4, not sure why you don't rape them and end it
(08:26 / All) O.z: lawl
(09:01 / Allies) O.z: go hit their base
(09:02 / Allies) O.z: now
(09:08 / Allies) O.z: teal dont come here
(09:10 / Allies) O.z: go hit them
(09:14 / Allies) O.z: they cant break my base
(09:54 / Allies) O.z: teal wtf r u doin scrub
(09:56 / Allies) O.z: go fuckin hit
(10:34 / Allies) O.z: all that time to buy a tp
(10:37 / Allies) O.z: and now u need to use it
(10:38 / Allies) O.z: lawl
(11:38 / Allies) O.z: um move purple/
(11:40 / Allies) O.z: ?
(11:42 / Allies) O.z: lmfao
(11:43 / All) Weas007: well thank you purpekl for massing ghousl in a 3v4
(11:52 / All) Weas007: and thank you pink for whispering the otrteam
(12:07 / All) shiznef: he massed hh
(12:10 / All) shiznef: whats he complainin about